 Dungeon Crawl Stone Soup version 0.30-a0-591-g3c58d2bc28 (webtiles) character file.

Game seed: 4025376141034342005

1427 Leeroy the Transmogrifier (level 8, -25/59 HPs)
             Began as a Merfolk Transmuter on Jan 4, 2023.
             Annihilated by an ogre
             ... wielding a +0 giant spiked club
              (32 damage)
             ... on level 6 of the Dungeon.
             The game lasted 00:11:10 (6899 turns).

Leeroy the Transmogrifier (Merfolk Transmuter)      Turns: 6899, Time: 00:11:10

Health: -25/59     AC:  2    Str: 10    XL:     8   Next: 72%
Magic:  9/11       EV: 20    Int: 14    God:
Gold:   231        SH:  0    Dex: 20    Spells: 3/11 levels left

rFire   . . .      SeeInvis .      - Unarmed
rCold   . . .      Faith    .    (shield currently unavailable)
rNeg    . . .      Spirit   .    (body armour currently unavailable)
rPois   x          Reflect  .    (helmet currently unavailable)
rElec   .          Harm     .    (cloak currently unavailable)
rCorr   .          Rampage  .    (gloves currently unavailable)
Will    .....                    (boots currently unavailable)
Stlth   ++                       (no amulet)
HPRegen 0.29/turn                (no ring)
MPRegen 0.12/turn                (no ring)

@: spider-form, attractive, studying Short Blades
A: venomous fangs, tiny, (nimble swimmer 2), (mertail), (large bone plates 1),
robust 1
a: End Transformation


You were on level 6 of the Dungeon.
You were a venomous arachnid creature.
You visited 1 branch of the dungeon, and saw 6 of its levels.

You collected 343 gold pieces.
You spent 112 gold pieces at shops.

Inventory:

Hand Weapons
 g - a +0 whip of holy wrath
 s - a +2 mace of holy wrath
 A - a +0 vampiric short sword
Missiles
 f - 3 datura-tipped darts
 k - 29 poisoned darts
 q - 3 throwing nets
 w - 7 atropa-tipped darts
Armour
 a - a +0 robe (melded)
 r - a +0 helmet (melded)
 E - a +0 pair of gloves
 F - a +2 pair of gloves (melded)
Magical Staves
 i - a staff of cold
Jewellery
 l - a ring of poison resistance
 D - a ring of protection from fire
Wands
 B - a wand of flame (23)
Scrolls
 c - 3 scrolls of identify {unknown}
 h - a scroll of amnesia
 j - a scroll of poison {unknown}
 m - a scroll of teleportation {unknown}
 n - a scroll of magic mapping
 v - 2 scrolls of blinking {unknown}
 y - a scroll of enchant armour {unknown}
 z - a scroll of fear {unknown}
Potions
 b - a potion of degeneration {unknown}
 d - 2 potions of magic
 e - a potion of curing
 o - a potion of berserk rage {unknown}
 p - a potion of might {unknown}
 t - 2 potions of heal wounds {unknown}
 u - a potion of mutation
 x - 2 potions of ambrosia {unknown}
 C - a potion of attraction


   Skills:
 - Level 1.1 Fighting
 - Level 2.6 Dodging
 + Level 6.6 Unarmed Combat
 - Level 2.0 Spellcasting
 - Level 12.0 Transmutations


You had 3 spell levels left.
You knew the following spells:

 Your Spells              Type           Power      Damage    Failure   Level
a - Beastly Appendage     Tmut           70%        N/A       2%          1
b - Spider Form           Tmut/Pois      18%        N/A       17%         3
c - Ice Form              Ice/Tmut       18%        N/A       41%         4

Your spell library contained the following spells:

 Spells                   Type           Power      Damage    Failure   Level
 Wereblood                Tmut           35%        N/A       2%          2
 Apportation              Tloc           2%         N/A       45%         1
 Alistair's Intoxication  Tmut/Pois      12%        N/A       71%         5


Dungeon Overview and Level Annotations

Branches:
Dungeon (6/15)             Temple (0/1) D:6

Altars:
Qazlal
Uskayaw
Yredelemnul
Zin

Shops:
D:5 [

Annotations:
D:5 2 transporters, Sapher's ghost, weakling TrNe


Innate Abilities, Weirdness & Mutations

You are a venomous arachnid creature.
You have poisonous fangs.
You are tiny and dextrous.
Your spellcasting is less reliable in this form.
Your armour is entirely melded.
You are incapable of wielding weapons or throwing items.
((You are very nimble when in or above water. (Stealth+, EV+, Speed+++)))
((Your lower body shifts to a powerful aquatic tail in water.))
((You are partially covered in large bone plates. (SH +4)))
You are robust. (+10% HP)


Message History

The orc wizard hits you with a +1 dagger of freezing.
The orc wizard freezes you.
The gnoll bouda barks out a call to the hunt!
You hit the orc wizard but do no damage.
The orc wizard is poisoned.
The orc wizard misses you.
A gnoll sergeant comes into view. It is wielding a +0 trident.
You hit the ogre.
The ogre is poisoned.
The ogre is moderately wounded.
The orc wizard misses you. The ogre closely misses you.
Okay, then.
Okay, then.
You hit the orc wizard but do no damage.
The orc wizard looks as sick as possible!
The orc wizard is heavily wounded.
The orc wizard hits you but does no damage.
The orc wizard points at you and mumbles some strange words.
The magic dart hits you.
* * * LOW HITPOINT WARNING * * *
An orc priest comes into view. It is wielding a +0 war axe.
As you read the scroll labelled DOBROUSTULY, it crumbles to dust.
You feel aware of your surroundings.
It was a scroll of magic mapping.
Your attacks no longer feel as feeble.
The orc priest mumbles some strange prayers to Beogh against you.
Beogh smites you!
* * * LOW HITPOINT WARNING * * *
Okay, then.
It was a potion of mutation.
You feel extremely strange.
Large bone plates grow over parts of your arms.
You feel robust.
The jelly quivers.
The ogre misses you.
The orc wizard gestures at you while chanting.
You resist with some effort. The orc wizard misses you.
It was a potion of attraction.
You feel attractive to monsters.
You kill the orc wizard!
The ogre misses you.
The ogre hits you with a +0 giant spiked club!!
Ouch! That really hurt!
You die...

,,,,,,*,',,,,#.#.~~~....#
*****'***,,..#.#.≈≈~....#
,,,,,,,,',,..#'###≈~....#
############'#...#≈~....#
.............#...#≈≈.J..#
~~~~~~≈≈~~~~g#####≈~....#
~~≈≈≈≈≈≈≈≈≈o≈≈≈≈≈Y≈~....#
~~~~~~~~~~~~~)≈O~~≈~....#
.........P....gOs.......#
...............).P......#
#########################


You could see an ice beast, 2 ogres, a gnoll sergeant (swift), a gnoll bouda, a
jelly and an orc wizard.

Vanquished Creatures
  A kobold brigand (D:5)
  A necrophage (D:5)
  A scorpion (D:5)
  A killer bee (D:4)
  9 howler monkeys (D:6)
  6 hounds
  3 orc priests
  A gnoll bouda (D:6)
  2 iguanas
  5 orc wizards
  Terence (D:3)
  14 gnolls
  12 adders
  A white imp (D:5)
  An ufetubus (D:4)
  2 worms (D:2)
  A dart slug (D:3)
  15 orcs
  6 bats
  6 endoplasms
  3 giant cockroaches
  5 goblins
  7 hobgoblins
  27 kobolds
  3 quokkas
  6 ball pythons
  2 frilled lizards
  2 rats (D:1)
144 creatures vanquished.

Vanquished Creatures (others)
  9 plants
9 creatures vanquished.

Grand Total: 153 creatures vanquished

Notes
Turn   | Place    | Note
-------+----------+-------------------------------------------
     0 | D:1      | Leeroy the Merfolk Transmuter began the quest for the Orb.
     0 | D:1      | Reached XP level 1. HP: 15/15 MP: 3/3
   199 | D:1      | Reached XP level 2. HP: 13/21 MP: 5/5
   575 | D:1      | Reached XP level 3. HP: 26/26 MP: 6/6
   835 | D:1      | Learned a level 3 spell: Spider Form
  1784 | D:2      | Reached skill level 3 in Transmutations
  1839 | D:2      | Reached skill level 5 in Unarmed Combat
  1839 | D:2      | Reached XP level 4. HP: 18/32 MP: 0/7
  2539 | D:3      | Noticed Terence
  2546 | D:3      | Killed Terence
  2547 | D:3      | Reached skill level 4 in Transmutations
  2547 | D:3      | Reached XP level 5. HP: 27/37 MP: 4/8
  3216 | D:4      | Reached skill level 5 in Transmutations
  3245 | D:4      | Found a basalt altar of Yredelemnul.
  3527 | D:4      | Reached skill level 6 in Transmutations
  3527 | D:4      | Reached XP level 6. HP: 7/43 MP: 9/9
  3809 | D:4      | Learned a level 4 spell: Ice Form
  3859 | D:4      | Reached skill level 7 in Transmutations
  4481 | D:5      | Entered Level 5 of the Dungeon
  4565 | D:5      | Found a stormy altar of Qazlal.
  4582 | D:5      | Reached skill level 8 in Transmutations
  4582 | D:5      | Reached XP level 7. HP: 38/48 MP: 6/10
  4643 | D:5      | Noticed Sapher's ghost (weakling TrNe)
  4649 | D:5      | Found a transporter.
  4981 | D:5      | Found a transporter.
  5047 | D:5      | Found Muup's Antique Armour Emporium.
  5055 | D:5      | Bought a pair of gloves for 112 gold pieces
  5267 | D:5      | Reached skill level 9 in Transmutations
  5699 | D:5      | Reached skill level 10 in Transmutations
  5786 | D:5      | Found a glowing silver altar of Zin.
  5992 | D:5      | Found a hide-covered altar of Uskayaw.
  6374 | D:6      | Reached XP level 8. HP: 22/54 MP: 7/11
  6664 | D:6      | Reached skill level 11 in Transmutations
  6704 | D:6      | Reached skill level 12 in Transmutations
  6898 | D:6      | Gained mutation: You are partially covered in large bone
                  | plates. (SH +4) [potion of mutation]
  6898 | D:6      | Gained mutation: You are robust. (+10% HP) [potion of
                  | mutation]
  6899 | D:6      | Annihilated by an ogre

Illustrated notes

Levels and vault maps discovered:
D:1:      ncdulo_wetmaze, layout_basic, moated_statue, nicolae_eternal_life,
          nrook_uturn
D:2:      layout_basic
D:3:      layout_basic, small_statue_intersection, uniq_terence
D:4:      layout_basic, mainiacjoe_overflow_brackets, minmay_manual_monstrance
D:5:      kennysheep_kobold_camp, layout_basic, zin_statuary,
          nicolae_qazlal_general_emergency, mainiacjoe_overflow_alcove_4,
          serial_shops, nicolae_shop_overgrown_old_shop,
          gammafunk_ghost_stat_death, small_statue_intersection
D:6:      lemuel_castle_with_subvaults [lemuel_castle_interior_carwin_1],
          layout_layer_cave, minmay_temple_entry_overgrown

Skill      XL: |  1  2  3  4  5  6  7  8 |
---------------+-------------------------+-----
Unarmed Combat | 4 5 6 |  6.6
Transmutations | 3 4 6 8 10 12 | 12.0
Fighting       | |  1.1
Dodging        | |  2.6
Spellcasting   | |  2.0

Action                   |  1- 3 |  4- 6 |  7- 9 || total
-------------------------+-------+-------+-------++-------
Melee: Unarmed           |    97 |   191 |   226 ||   514
       Headbutt          |     1 |     1 |       ||     2
       Punch             |       |     2 |     1 ||     3
       Tailslap          |       |     1 |     6 ||     7
 Cast: Beastly Appendage |     1 |     2 |       ||     3
       Spider Form       |     3 |    11 |    12 ||    26
       Ice Form          |       |       |     2 ||     2
  Use: Scroll            |       |     1 |     1 ||     2
       Potion            |       |     1 |     4 ||     5
 Stab: Sleeping          |     2 |     1 |       ||     3
Armor: Robe              |    21 |    42 |     4 ||    67
       Skin              |       |    11 |    22 ||    33
Dodge: Dodged            |    75 |   119 |   171 ||   365

Table legend: (Time is in decaauts)
 A = Elapsed time spent in this place.
 B = Non-inter-level travel time spent in this place.
 C = Inter-level travel time spent in this place.
 D = Time resting spent in this place.
 E = Time spent auto-exploring this place.
 F = Levels seen in this place.
 G = Mean time per level.
                   A        B        C        D        E       F      G
               +--------+--------+--------+--------+--------+-----+--------+
         Total |   6790 |   6414 |    376 |    610 |   4478 |   6 | 1131.7 |
       Dungeon |   6790 |   6414 |    376 |    610 |   4478 |   6 | 1131.7 |
               +--------+--------+--------+--------+--------+-----+--------+

Top non-repeatable levels by time:
     D:5: 1578 daAuts
     D:4: 1558 daAuts
     D:2: 1549 daAuts
     D:1: 871 daAuts
     D:3: 738 daAuts
     D:6: 492 daAuts
